 Dungeon Crawl Stone Soup version 0.25-a0-471-g78e40d7af6 (webtiles) character file.

Game seed: 2693170203525833777, levelgen mode: deterministic

8801 Eurus the Thaumaturge (level 11, -1/81 HPs)
             Began as a Mummy Conjurer on Feb 6, 2020.
             Was a Follower of Ashenzari.
             Slain by a sixfirhy (11 damage)
             ... in a Gauntlet.
             The game lasted 00:39:30 (14785 turns).

Eurus the Thaumaturge (Mummy Conjurer)             Turns: 14785, Time: 00:39:32

Health: -1/81      AC: 13    Str: 12    XL:     11   Next: 14%
Magic:  35/35      EV:  5    Int: 18    God:    Ashenzari [*.....]
Gold:   554        SH:  0    Dex: 12    Spells: 25/32 levels left

rFire    x . .     SeeInvis .   n - staff of conjuration (curse)
rCold    + . .     Gourm    .   r - +2 shield
rNeg     + + +     Faith    .   z - +3 leather armour
rPois    ∞         Spirit   .   g - +0 helmet
rElec    .         Reflect  .   w - +0 cloak
rCorr    .         Harm     .   d - +0 pair of gloves
MR       ++...     NoTele   +   q - +2 pair of boots (curse)
Stlth    +.........             (no amulet)
HPRegen  0.23/turn              u - ring of magical power (curse)
MPRegen  0.24/turn              h - ring of protection from magic

@: held
A: no food or potions, fire vulnerability, cold resistance 1, negative energy
resistance 3, torment resistance, unbreathing
a: Curse Item, Scrying, Renounce Religion


You were in a Gauntlet.
You worshipped Ashenzari.
Ashenzari was aware of your devotion.
You were not hungry.

You visited 2 branches of the dungeon, and saw 12 of its levels.
You also visited: Gauntlet.

You collected 554 gold pieces.

Inventory:

Hand Weapons
 c - a +0 dagger
Armour
 d - a +0 pair of gloves (worn)
 g - a +0 helmet (worn)
 q - a cursed +2 pair of boots (worn)
 r - a +2 shield (worn)
 w - a +0 cloak (worn)
 z - a +3 leather armour (worn)
Magical Staves
 n - a cursed staff of conjuration (weapon)
Jewellery
 h - a ring of protection from magic (right hand)
 i - an uncursed ring of flight
 j - a +4 ring of strength
 t - an uncursed ring of fire
 u - a cursed ring of magical power (left hand)
 v - a +3 ring of dexterity
Wands
 a - a wand of iceblast (7)
 l - a wand of flame (41)
 m - a wand of enslavement (7)
 s - a wand of random effects (14)
 A - a wand of clouds (5)
 C - a wand of polymorph (7)
Scrolls
 b - 6 scrolls of remove curse
 e - 7 scrolls of teleportation
 f - 8 scrolls of identify
 k - a scroll of fear
 p - 4 scrolls of fog
 x - a scroll of summoning {unknown}
 y - a scroll of enchant weapon {unknown}
 B - a scroll of brand weapon {unknown}


   Skills:
 - Level 6.2 Fighting
 - Level 4.0 Armour
 - Level 1.5 Dodging
 - Level 1.5 Stealth
 + Level 3.8 Shields
 + Level 11.4 Spellcasting
 + Level 8.6 Conjurations
 + Level 5.0 Translocations


You had 25 spell levels left.
You knew the following spells:

 Your Spells              Type           Power        Failure   Level  Hunger
a - Magic Dart            Conj           ####         1%          1    N/A
b - Searing Ray           Conj           ######       1%          2    N/A
c - Iskenderun's Mystic   Conj/Tloc      ######..     22%         4    N/A

Your spell library contained the following spells:

 Spells                   Type           Power        Failure   Level  Hunger
 Dazzling Flash           Conj/Hex       #####.       19%         3    N/A
 Fulminant Prism          Conj/Hex       #####.....   52%         4    N/A
 Irradiate                Conj/Tmut      #####.....   86%         5    N/A
 Metabolic Englaciation   Hex/Ice        ##........   100%        5    N/A
 Freezing Cloud           Conj/Ice/Air   ####......   100%        6    N/A
 Ozocubu's Refrigeration  Ice            ##........   100%        6    N/A
 Simulacrum               Ice/Necr       ##........   100%        6    N/A
 Ice Form                 Ice/Tmut       Unusable     N/A         4    N/A
 Hydra Form               Tmut           Unusable     N/A         6    N/A
 Statue Form              Tmut/Erth      Unusable     N/A         6    N/A
 Dragon Form              Tmut           Unusable     N/A         7    N/A

Dungeon Overview and Level Annotations

Branches:
Dungeon (11/15)            Temple (1/1) D:7            Lair (0/6) D:10
    Orc (0/2) D:9         Gauntlet (1/1)

Altars:
Ashenzari
Cheibriados
Dithmenos
Elyvilon
Fedhas
Gozag
Hepliaklqana
Kikubaaqudgha
Makhleb
Nemelex Xobeh
Okawaru
Qazlal
Ru
Sif Muna
Trog
Uskayaw
Vehumet
Wu Jian
Xom
Yredelemnul
Zin
The Shining One

Shops:
D:6 }   D:8 *:

Annotations:
D:6 Dowan
D:8 1 runed translucent door, exclusion: two-headed ogre, Beaer's ghost, novice FoAK
D:9 Urug Gauntlet 5 runed translucent doors, 7 transporters


Innate Abilities, Weirdness & Mutations

You do not eat or drink.
Your flesh is vulnerable to fire.
You are immune to poison.
Your flesh is cold resistant. (rC+)
You are immune to negative energy. (rN+++)
You are immune to unholy pain and torment.
You can survive without breathing.


Message History

Aim: a sixfirhy
Okay, then.
Evoke which item? (* to show all) (? for menu, Esc to quit)
Aiming: Cloud Cone
Press: ? - help, Dir - move target cursor, f - sixfirhy
Aim: a sixfirhy You create a blast of poison gas!
The sixfirhy is engulfed in poison gas.
The sixfirhy is poisoned. x2; The sixfirhy barely misses you.
The sixfirhy is engulfed in poison gas.
The sixfirhy looks even sicker.
The sixfirhy is engulfed in poison gas.
The sixfirhy looks even sicker.
The sixfirhy hits you.
* * * LOW HITPOINT WARNING * * *
The sixfirhy shocks you!
* * * LOW HITPOINT WARNING * * *
The sixfirhy looks even sicker.
The sixfirhy is engulfed in poison gas.
The sixfirhy looks as sick as possible!
The sixfirhy is engulfed in poison gas.
The sixfirhy looks even sicker.
The sixfirhy hits you.
* * * LOW HITPOINT WARNING * * *
The sixfirhy shocks you!
You die...

#.##.#$.#...#x.#...=#...#.8.#
#....#=.#.8.#x*.....#.∩.#...#
#########...#########...#.©.##.
........#.8.....#.....8.#......
#########...#########...#.©.##.
#.......#.8.#§.....3#.∩.#...#
#..####.#...#§§##.:[#...#.8.#
#.#.....#.8.##§3##.)#..##......
#.#.©####©.©###3@##©#.## .8.##.
#.#.#.".#####.##..###.≈## ..#
#.#.#..##...#..##..##.≈≈# 8.#
#...#.#©#.8.#.......#.≈## .#
#########...#########.##
......................≈#
#≈≈≈#≈≈≈#≈≈≈#≈≈≈#≈≈≈#≈≈≈#
##≈###≈###≈###≈###≈###≈## ###
### ### ### ### ##


You could see 2 sixfirhies.

Vanquished Creatures
  An unseen horror (D:10)
  A worldbinder (Gauntlet)
  A centaur skeleton (D:10)
  A troll (D:10)
  Prince Ribbit (D:6)
  2 hornets (Gauntlet)
  A slime creature (D:10)
  3 hippogriffs
  A human (D:8)
  A wyvern (D:10)
  4 hogs (D:8)
  6 yaks (D:9)
  2 hungry ghosts
  A vampire mosquito (D:10)
  A water moccasin (D:9)
  2 sky beasts
  An eye of draining (D:9)
  3 ice beasts
  An orc warrior (D:3)
  3 ogres
  3 centaurs
  2 boggarts (Gauntlet)
  5 bullfrogs
  A wyvern zombie (D:7)
  11 scorpions
  3 howler monkeys (D:7)
  2 electric eels (D:6)
  4 bullfrog zombies
  7 crimson imps
  2 jellies
  6 hounds
  5 orc priests
  2 orc wizards
  3 iguanas
  9 worker ants
  A hound skeleton (D:5)
  2 howler monkey zombies (D:10)
  3 worker ant zombies
  12 gnolls
  15 adders
  2 shadow imps (D:8)
  An adder zombie (D:8)
  3 adder skeletons
  2 worms
  3 dart slugs
  2 leopard geckos
  18 orcs
  A ball python (D:8)
  7 giant cockroaches
  8 goblins
  5 hobgoblins
  12 jackals
  10 kobolds
  2 quokkas
  3 bats
  A frilled lizard (D:2)
  A jackal zombie (D:6)
  A quokka skeleton (D:5)
  8 rats
  A plant (D:6)
226 creatures vanquished.

Vanquished Creatures (others)
  A fungus (D:8)
  3 plants (D:8)
4 creatures vanquished.

Grand Total: 230 creatures vanquished

Notes
Turn   | Place    | Note
-------+----------+-------------------------------------------
     0 | D:1      | Eurus the Mummy Conjurer began the quest for the Orb.
     0 | D:1      | Reached XP level 1. HP: 13/13 MP: 4/4
   205 | D:1      | Reached skill level 3 in Spellcasting
   205 | D:1      | Reached XP level 2. HP: 7/20 MP: 0/6
   217 | D:1      | Learned a level 2 spell: Searing Ray
   428 | D:1      | Reached skill level 1 in Fighting
  1181 | D:2      | Reached XP level 3. HP: 26/26 MP: 3/7
  1582 | D:2      | Reached XP level 4. HP: 33/33 MP: 6/9
  2467 | D:3      | Found a sacrificial altar of Ru.
  2557 | D:3      | Reached skill level 4 in Spellcasting
  2702 | D:3      | Reached XP level 5. HP: 39/39 MP: 7/11
  2927 | D:3      | Noticed an orc warrior
  3896 | D:4      | Reached XP level 6. HP: 47/47 MP: 5/13
  4099 | D:4      | Reached skill level 5 in Spellcasting
  4143 | D:4      | Found an ancient bone altar of Kikubaaqudgha.
  4591 | D:5      | Entered Level 5 of the Dungeon
  4635 | D:5      | Reached XP level 7. HP: 16/54 MP: 3/15
  4979 | D:5      | Reached skill level 6 in Spellcasting
  4979 | D:5      | Reached skill level 5 in Conjurations
  5388 | D:5      | Reached skill level 5 in Fighting
  5742 | D:5      | Found an iron altar of Okawaru.
  5821 | D:5      | Reached XP level 8. HP: 62/62 MP: 11/18
  5892 | D:5      | Found an ornate altar of the Wu Jian Council.
  5982 | D:5      | Reached skill level 7 in Spellcasting
  6581 | D:6      | Found Teq Rao's Gadget Shoppe.
  6757 | D:6      | Noticed Dowan
  6942 | D:6      | Noticed Prince Ribbit
  7300 | D:6      | Killed Prince Ribbit
  7300 | D:6      | Reached skill level 8 in Spellcasting
  7586 | D:7      | Noticed a hippogriff
  7730 | D:6      | Reached skill level 1 in Armour
  7888 | D:7      | Noticed a hippogriff
  7992 | D:7      | Reached XP level 9. HP: 69/69 MP: 13/21
  8039 | D:7      | Found a sacrificial altar of Ru.
  8308 | D:7      | Learned a level 4 spell: Iskenderun's Mystic Blast
  8528 | D:7      | Reached skill level 9 in Spellcasting
  8528 | D:7      | Reached skill level 1 in Translocations
  8780 | D:7      | Found a bloodstained altar of Trog.
  8911 | D:7      | Found a staircase to the Ecumenical Temple.
  8920 | Temple   | Entered the Ecumenical Temple
  8927 | Temple   | Became a worshipper of Ashenzari the Shackled
  9079 | D:8      | Found Jireq's Elemental Accessories.
  9515 | D:8      | Identified the +1 spear of Xearui {protect, rPois Int+3}
  9516 | D:8      | Found a runed translucent door.
  9608 | D:8      | Noticed Beaer's ghost (novice FoAK)
  9700 | D:8      | Found Ruatwis's Book Emporium.
  9788 | D:8      | Noticed a two-headed ogre
  9961 | D:8      | Found a stormy altar of Qazlal.
 10306 | D:8      | Reached XP level 10. HP: 66/76 MP: 23/23
 10307 | D:8      | Reached skill level 10 in Spellcasting
 11165 | D:9      | Found a staircase to the Orcish Mines.
 11615 | D:9      | Found a glowing golden altar of the Shining One.
 11653 | D:9      | Reached skill level 1 in Shields
 11689 | D:9      | Reached * piety under Ashenzari
 12107 | D:9      | Found a snail-covered altar of Cheibriados.
 12312 | D:10     | Entered Level 10 of the Dungeon
 12470 | D:10     | Noticed Urug
 13265 | D:10     | Noticed a gargoyle
 13276 | D:10     | Reached skill level 11 in Spellcasting
 13326 | D:10     | Noticed a tengu warrior
 13451 | D:10     | Found a staircase to the Lair.
 13656 | D:10     | Killed an unseen horror
 14098 | D:11     | Reached XP level 11. HP: 81/81 MP: 26/26
 14250 | D:11     | Found a gate leading to a gauntlet.
 14251 | D:11     | Found an ornate altar of the Wu Jian Council.
 14255 | Gauntlet | Entered a Gauntlet
 14255 | Gauntlet | Found a runed translucent door.
 14255 | Gauntlet | Found a transporter.
 14255 | Gauntlet | Found a runed translucent door.
 14255 | Gauntlet | Found a transporter.
 14257 | Gauntlet | Found a transporter.
 14257 | Gauntlet | Found a transporter.
 14261 | Gauntlet | Found a transporter.
 14261 | Gauntlet | Found a transporter.
 14293 | Gauntlet | Found a transporter.
 14297 | Gauntlet | Found a transporter.
 14313 | Gauntlet | Found a transporter.
 14314 | Gauntlet | Noticed a sixfirhy
 14315 | Gauntlet | Noticed a sixfirhy
 14318 | Gauntlet | Noticed a wretched star
 14321 | Gauntlet | Found a transporter.
 14335 | Gauntlet | Found a transporter.
 14339 | Gauntlet | Found a transporter.
 14341 | Gauntlet | Found a runed translucent gate.
 14341 | Gauntlet | Found a runed translucent gate.
 14341 | Gauntlet | Found a runed translucent gate.
 14341 | Gauntlet | Noticed a tengu warrior
 14384 | Gauntlet | Noticed a catoblepas
 14608 | Gauntlet | Reached skill level 5 in Translocations
 14785 | Gauntlet | Slain by a sixfirhy

Levels and vault maps discovered:
D:1:      minmay_arrival_radiant_lines, layout_basic
D:2:      layout_basic, ebering_dispersal_statue_hall
D:3:      layout_basic, minmay_misc_feat_tiny, nicolae_ru_sacrificial_ziggurat
D:4:      layout_loops_ring, lemuel_doored_altar
D:5:      layout_basic, kennysheep_mini, marbit_many_paths, first_ration,
          moated_statue
D:6:      layout_rooms, serial_shops, nicolae_shop_statue_plus,
          gammafunk_ghost_grave, serial_bayou, serial_bayou_ford_a,
          serial_bayou_shore_a, serial_bayou_pond_a, serial_bayou_lagoon_b,
          uniq_prince_ribbit1, uniq_duvessa
D:7:      layout_cave_pools, bloody_trog, lemuel_crystal_altar,
          minmay_temple_entry_poolview
D:8:      layout_loops_ring, serial_shops, kennysheep_mini_moat,
          ebering_ghost_funeral_grove, grunt_livestock, nicolae_elemental_shop,
          chequers_serial_rivers_room_a, nicolae_qazlal_general_emergency
D:9:      layout_roguey, lemuel_round_altar, nicolae_overflow_hidden_temple,
          orc_0_dummy
D:10:     minmay_chambers_of_sevens, layout_basic, lair_entry_dummy, uniq_urug
D:11:     layout_stronghold, gauntlet_entry_generic, basic_altar, billiards_dpeg
Temple:   nicolae_temple_no_exploring_needed
Gauntlet: minmay_gauntlet_77_indecision [minmay_gauntlet_arena_77_shame_cube,
          minmay_gauntlet_arena_77_squiggly,
          minmay_gauntlet_arena_77_run_for_it,
          minmay_gauntlet_arena_77_radiant_squares,
          minmay_gauntlet_arena_77_double_cross,
          minmay_gauntlet_arena_77_two_lines, gauntlet_exit_watery]

Skill      XL: |  1  2  3  4  5  6  7  8  9 10 11 |
---------------+----------------------------------+-----
Spellcasting   | 3 4 5 6 8 9 11 | 11.4
Fighting       | 1 2 3 4 5 6 |  6.2
Conjurations   | 4 5 6 7 8 |  8.6
Armour         | 1 3 4 |  4.0
Translocations | 2 4 5 |  5.0
Shields        | 3 |  3.8
Dodging        | |  1.5
Stealth        | |  1.5

Action                   |  1- 3 |  4- 6 |  7- 9 | 10-12 || total
-------------------------+-------+-------+-------+-------++-------
Melee: Unarmed           |    20 |       |       |       ||    20
       Dagger            |    60 |   106 |    67 |       ||   233
       Staff             |       |       |       |     5 ||     5
 Cast: Magic Dart        |    33 |    25 |    98 |    29 ||   185
       Searing Ray       |     5 |    20 |    79 |    62 ||   166
Invok: Curse Item        |       |       |     3 |       ||     3
Evoke: Wand              |       |       |       |     1 ||     1
  Use: Scroll            |       |       |     8 |     3 ||    11
Armor: Robe              |    28 |    31 |    62 |     2 ||   123
       Leather armour    |       |       |       |    30 ||    30
Dodge: Dodged            |    62 |    71 |   142 |    30 ||   305
Block: Shield            |       |       |       |    33 ||    33

Table legend:
 A = Non-vault XP
 B = Vault XP
 C = Vault XP percentage of total XP
 D = Non-vault monster count
 E = Vault monster count
 F = Vault count percentage of total count
                 A         B        C        D         E       F
            +---------+---------+-------+---------+---------+-------
      Total |    8425 |    4149 |  33.0 |     204 |      21 |   9.3
            +---------+---------+-------+---------+---------+-------
        D:1 |      29 |       0 |   0.0 |      16 |       0 |   0.0
        D:2 |      81 |       0 |   0.0 |      20 |       0 |   0.0
        D:3 |     349 |       0 |   0.0 |      25 |       0 |   0.0
        D:4 |     320 |       0 |   0.0 |      13 |       0 |   0.0
        D:5 |     891 |       5 |   0.6 |      25 |       1 |   3.8
        D:6 |     632 |     274 |  30.2 |      23 |       1 |   4.2
        D:7 |    1297 |       0 |   0.0 |      23 |       0 |   0.0
        D:8 |    1028 |    1015 |  49.7 |      19 |       5 |  20.8
        D:9 |    1803 |       0 |   0.0 |      17 |       0 |   0.0
       D:10 |    1636 |    1541 |  48.5 |      20 |       9 |  31.0
       D:11 |     359 |       0 |   0.0 |       3 |       0 |   0.0
   Gauntlet |       0 |    1314 | 100.0 |       0 |       5 | 100.0
            +---------+---------+-------+---------+---------+-------
